 Dungeon Crawl Stone Soup version 0.16-a0-1167-g3157814 (webtiles) character file.

170173 Kashira the Severer (level 17, 0/139 HPs)
             Began as a Vine Stalker Berserker on Oct 9, 2014.
             Was a High Priest of Trog.
             Slain by a guardian serpent (8 damage)
             ... on level 5 of the Snake Pit.
             The game lasted 03:22:16 (22166 turns).

Kashira the Severer (Vine Stalker Berserker)       Turns: 22166, Time: 03:22:16

Health: 0/139      AC: 19    Str: 30    XL:     17   Next: 69%
Magic:  0/10       EV: 23    Int:  8    God:    Trog [*****.]
Gold:   1702       SH:  0    Dex: 22    Spells: 0 memorised, 16 levels left

rFire  + . .     SeeInvis +     B - +8 executioner's axe (antimagic)
rCold  . . .     Clarity  .     G - +3 ring mail {rF+}
rNeg   + . .     SustAb   .     (no shield)
rPois  +         Gourm    .     K - +1 helmet of Roch {+Blink rPois rN+}
rElec  .         Spirit   +     n - +0 cloak
rCorr  +         Warding  .     L - +2 pair of gloves {Dex+3}
rMut   .         Stasis   .     S - +2 pair of boots
MR     ++++.                    x - amulet of resist corrosion
Stlth  ..........               a - ring of see invisible
                                g - +4 ring of dexterity

@: berserking, lethally poisoned, very slightly contaminated, regenerating,
hasted and slowed, constricted, drained, incredibly resistant to hostile
enchantments, extremely unstealthy
A: fangs 3, regeneration 3, magic shield, antimagic bite, no device heal 3, rot
immunity
a: Burn Spellbooks, Berserk, Trog's Hand, Brothers in Arms, Renounce Religion,
Evoke Blink
}: 1/15 runes: decaying


You were on level 5 of the Snake Pit.
You worshipped Trog.
Trog was extremely pleased with you.
You were not hungry.

You visited 5 branches of the dungeon, and saw 31 of its levels.

You collected 2807 gold pieces.
You spent 1105 gold pieces at shops.

Inventory:

Hand weapons
 B - a +8 antimagic executioner's axe (weapon)
 N - the +5 scimitar of the Lurker {slice, +Rage SInv}
   (You found it on level 5 of the Snake Pit)

   It inflicts extra damage upon your enemies.
   It enhances your eyesight.
   It lets you go berserk.
 Q - the +5 broad axe of Dullness {flame, Dex+2}
   (Trog gifted it to you on level 6 of the Lair of Beasts)

   It emits flame when wielded, causing extra injury to most foes and up to
   double damage against particularly susceptible opponents.
   Big, fiery blades are also staple armaments of hydra-hunters.
   It affects your dexterity (+2).
 V - the +4 battleaxe of Qeomot {holy, rF+}
   (Trog gifted it to you on level 5 of the Swamp)

   It has been blessed by the Shining One to cause great damage to the undead
   and demons.
   It protects you from fire.
 W - a +3 hand axe of electrocution
 X - the +7 short sword "Woamaezxo" {holy, rPois MR+ Dex-3}
   (Trog gifted it to you on level 7 of the Lair of Beasts)

   It has been blessed by the Shining One to cause great damage to the undead
   and demons.
   It affects your dexterity (-3).
   It protects you from poison.
   It affects your resistance to hostile enchantments.
Missiles
 u - 2 throwing nets (quivered)
 P - 16 silver bolts
Armour
 n - a +0 cloak (worn)
 G - a +3 ring mail of fire resistance (worn)
 K - the +1 helmet of Roch (worn) {+Blink rPois rN+}
   (You found it on level 7 of the Dungeon)

   It protects you from poison.
   It protects you from negative energy.
   It lets you blink.
 L - a +2 pair of gloves of dexterity (worn)
 S - a +2 pair of boots (worn)
 Y - a +2 chain mail of cold resistance
Magical devices
 j - a wand of fire (9)
 q - a wand of draining (6)
 v - a wand of lightning (7)
 y - a wand of disintegration (4)
 C - a wand of confusion (25)
 E - a wand of cold (8)
 R - a wand of digging (10)
Comestibles
 c - 9 bread rations
 h - 15 royal jellies
Scrolls
 d - 7 scrolls of teleportation
 e - a scroll of magic mapping
 i - 4 scrolls of fear
 k - a scroll of enchant weapon
 l - a scroll of amnesia
 p - 4 scrolls of blinking
 s - 17 scrolls of remove curse
 D - 3 scrolls of fog
 F - 3 scrolls of identify
 I - 2 scrolls of silence
Jewellery
 a - a ring of see invisible (right hand)
 f - an uncursed ring of protection from cold
 g - a +4 ring of dexterity (left hand)
 r - an uncursed ring of protection from magic
 x - an amulet of resist corrosion (around neck)
 J - an uncursed ring of protection from cold
 Z - an uncursed ring of invisibility
Potions
 m - 6 potions of resistance
 o - 12 potions of curing
 t - a potion of magic
 w - 2 potions of cancellation
 z - 5 potions of agility
 T - 2 potions of restore abilities
 U - 2 potions of cure mutation
Miscellaneous
 A - a lantern of shadows
 M - a sack of spiders {used: 1}
Rods
 b - a +3 rod of the swarm (10/10)
   (You found it on level 8 of the Lair of Beasts)


   Skills:
 + Level 12.3(12.1) Fighting
 * Level 17.8(17.6) Axes
 * Level 7.3(7.1) Armour
 + Level 13.0(12.8) Dodging
 - Level 11.0(10.8) Evocations


You had 16 spell levels left.
You didn't know any spells.

Dungeon Overview and Level Annotations

Branches:
Dungeon (9/15)             Temple (0/1) D:5             Orc (4/4) D:9
    Elf (0/3) Orc:3          Lair (8/8) D:9           Swamp (5/5) Lair:6
  Snake (5/5) Lair:3        Slime (0/6) Lair:6

Altars:
Cheibriados
Dithmenos
Fedhas
Makhleb
Qazlal
Ru
Trog
Yredelemnul
Beogh
Jiyva

Shops:
D:4 =   D:8 [   Orc:4 (}[?   Snake:4 (

Annotations:
Lair:1 exclusion: hydra, Harold
Lair:3 exclusion: hydra


Innate Abilities, Weirdness & Mutations

You have razor-sharp teeth.
You regenerate.
When hurt, damage is shared between your health and your magic reserves.
Your bite disrupts and absorbs the magic of your enemies.
Potions and wands cannot restore your health.
You are immune to rotting.


Message History

You kill the naga sharpshooter!
Trog accepts your kill.
Trog appreciates your killing of a magic user.
You hear a splash. x3
You completely miss the guardian serpent.
The guardian serpent is heavily wounded.
You slice the naga warrior!!
The naga warrior is almost dead.
You slash the guardian serpent!
The guardian serpent's magic leaks into the air.
The guardian serpent is almost dead.
The guardian serpent gestures with its tail.
The naga warrior blinks!
The naga blinks!
The guardian serpent barely misses you. The naga barely misses you.
The naga misses you. The naga warrior hits you!!
* * * LOW HITPOINT WARNING * * *
x2 The naga warrior constricts you.
The naga warrior barely misses you.
The guardian serpent hits you but does no damage.
The guardian serpent hits you!
You die...

#.........#####.#
.##........##. .### .
.......))###.###.# .. #
.##....).###.....##.. ..#
..######..#.......#. ....
...## #..'.≈≈≈≈≈.N ....≈
....####..'.≈≈≈≈≈N#.....≈≈
##...)....'.≈≈≈≈NN§N....≈≈
...)####..#....S@S#..N...#
..#[.###.###...N)## N§..#
..##.##..###.###(# ..##
.....##....##. .### .#
..##).#.##.######.# #
.........#....###.#
...##....####.....##
#####....####......#
##.....##......#


You could see 2 naga warriors, 2 guardian serpents and 4 nagas.

Vanquished Creatures
  Saint Roka (Swamp:2)
  Nikola (Swamp:3)
  Agnes (Snake:5)
  Kirke (Snake:5)
  An azure jelly (Swamp:5)
  2 greater nagas (Snake:5)
  Donald (Snake:4)
  Aizul (Swamp:3)
  A stone giant (Orc:4)
  A very ugly thing (Swamp:4)
  An ettin (Orc:4)
  Fannar (Lair:7)
  An ice dragon (Swamp:5)
  9 hydras
  15 naga warriors
  The ghost of Kashira the Cleaver, a powerful VSBe of Trog (Lair:4)
  2 shambling mangroves (Swamp:3)
  7 anacondas
  6 alligators
  11 naga sharpshooters
  An orc high priest (Orc:4)
  20 death yaks
  3 shock serpents
  A spriggan (Swamp:1)
  A salamander mystic (Snake:3)
  3 catoblepae (Lair:8)
  3 swamp dragons
  2 sea snakes (Snake:5)
  8 naga ritualists
  A lindwurm (Snake:5)
  An orc knight (Orc:3)
  3 griffons
  6 mana vipers
  5 salamanders
  An orc sorcerer (Orc:3)
  40 black mambas
  10 elephants
  2 guardian serpents
  A torpor snail (Lair:4)
  14 spiny frogs
  11 naga magi
  3 komodo dragons
  A troll (Swamp:2)
  An orange demon (Orc:4)
  4 freezing wraiths (Swamp:5)
  The ghost of Kashira the Chopper, an experienced VSBe of Trog (D:3)
  4 fire drakes
  5 giant leeches
  14 blink frogs
  Prince Ribbit (Orc:1)
  4 baby alligators (Swamp:1)
  3 bog bodies
  3 ravens (Swamp:3)
  6 slime creatures
  A basilisk (Lair:8)
  37 yaks
  5 hogs (Snake:5)
  4 hippogriffs
  Eustachio (D:4)
  2 wyverns
  A swamp worm simulacrum (Swamp:5)
  11 vampire mosquitoes
  5 wargs
  19 swamp worms
  47 nagas
  10 hydra simulacra (Swamp:5)
  7 porcupines
  42 water moccasins
  12 wolves
  10 swamp drakes
  22 orc warriors
  A black bear (Lair:3)
  7 ogres
  A centaur (D:7)
  A yellow wasp (Swamp:1)
  2 phantoms
  2 ice beasts
  9 crocodiles
  Sigmund (D:3)
  Duvessa (Orc:1)
  11 giant frogs
  A wyvern zombie (D:6)
  6 big kobolds
  5 insubstantial wisps (Swamp:3)
  3 scorpions
  A hippogriff zombie (D:7)
  A troll zombie (D:9)
  8 wights
  A yak skeleton (D:7)
  Dowan (Orc:1)
  3 crimson imps
  3 hounds
  31 orc priests
  3 iron imps (D:7)
  7 jellies
  33 orc wizards
  4 iguanas
  4 worker ants
  22 sheep
  Ijyb (D:3)
  A hound skeleton (D:7)
  A mummy (D:7)
  7 gnolls
  12 adders
  84 green rats
  7 orc zombies
  2 giant mites
  2 worms
  2 swamp drake simulacra (Swamp:5)
  10 giant geckos
  10 oozes
  126 orcs
  7 giant cockroaches
  15 hobgoblins
  19 jackals
  61 kobolds
  11 bats
  4 giant newts
  15 goblins
  3 orc skeletons
  13 quokkas
  19 rats
  A spectral orc (D:8)
  3 ballistomycetes (D:8)
  10 fungi
  8 plants
1115 creatures vanquished.

Vanquished Creatures (collateral kills)
  A thorn hunter (Swamp:4)
  A stone giant (Orc:4)
  Josephine (Orc:2)
  An ice dragon (Swamp:5)
  4 death yaks
  3 orc high priests (Orc:4)
  An orc sorcerer (Orc:4)
  A black mamba (Snake:1)
  A troll (Orc:2)
  2 slime creatures (Swamp:1)
  3 water moccasins
  A swamp worm (Swamp:4)
  3 hydra simulacra (Swamp:5)
  2 orc warriors (Orc:4)
  A crocodile (Lair:8)
  2 orc priests (Orc:4)
  5 orc wizards (Orc:4)
  An orc skeleton (Orc:2)
  An orc zombie (Orc:2)
35 creatures vanquished.

Vanquished Creatures (others)
  An iron troll (Swamp:5)
  A troll (Swamp:2)
  A spriggan (Swamp:5)
  3 trapdoor spiders (Snake:5)
  2 shadows (Snake:4)
  A naga (Snake:3)
  A yellow wasp (Swamp:5)
  An ogre (Snake:1)
  A killer bee (Snake:2)
  A worker ant (Snake:2)
  An orc (Orc:3)
  A giant spore (D:8)
  A briar patch (Swamp:4)
  A butterfly (Snake:2)
  5 fungi
  5 plants (Lair:4)
27 creatures vanquished.

Grand Total: 1177 creatures vanquished

Notes
Turn   | Place    | Note
--------------------------------------------------------------
     0 | D:1      | Kashira, the Vine Stalker Berserker, began the quest for the Orb.
     0 | D:1      | Reached XP level 1. HP: 11/11 MP: 1/1
    59 | D:1      | Reached XP level 2. HP: 7/16 MP: 0/3
   211 | D:1      | Reached skill level 3 in Fighting
   436 | D:1      | Reached XP level 3. HP: 16/20 MP: 4/4
   447 | D:1      | Acquired Trog's second power
  1202 | D:2      | Found a blossoming altar of Fedhas.
  1299 | D:2      | Reached XP level 4. HP: 20/24 MP: 5/5
  1551 | D:2      | Found a sacrificial altar of Ru.
  2021 | D:3      | Noticed Sigmund
  2030 | D:3      | Noticed Ijyb
  2031 | D:3      | Killed Sigmund
  2031 | D:3      | Reached XP level 5. HP: 29/29 MP: 7/7
  2047 | D:3      | Killed Ijyb
  2270 | D:3      | Noticed Kashira's ghost (experienced VSBe)
  2279 | D:3      | Killed Kashira's ghost
  2279 | D:3      | Reached skill level 4 in Fighting
  2279 | D:3      | Gained mutation: You heal very quickly. [vine stalker growth]
  2279 | D:3      | Reached XP level 6. HP: 34/34 MP: 8/8
  2279 | D:3      | Reached XP level 7. HP: 38/38 MP: 9/9
  2334 | D:3      | Noticed a big kobold
  2359 | D:3      | Killed a big kobold
  2401 | D:3      | Noticed a big kobold
  2415 | D:3      | Killed a big kobold
  2444 | D:3      | Acquired Trog's third power
  2564 | D:3      | Noticed a big kobold
  2577 | D:3      | Received a gift from Trog
  2585 | D:3      | Killed a big kobold
  2710 | D:3      | Noticed a big kobold
  2727 | D:3      | Killed a big kobold
  2727 | D:3      | Reached skill level 5 in Fighting
  2727 | D:3      | Reached skill level 5 in Axes
  2729 | D:3      | Gained mutation: You have razor-sharp teeth. [vine stalker growth]
  2729 | D:3      | Reached XP level 8. HP: 43/43 MP: 11/11
  2740 | D:3      | Noticed a big kobold
  2748 | D:3      | Killed a big kobold
  2923 | D:4      | Reached skill level 5 in Dodging
  3057 | D:4      | Noticed Eustachio
  3102 | D:4      | Killed Eustachio
  3169 | D:4      | Found Plat's Jewellery Emporium.
  3388 | D:5      | Entered Level 5 of the Dungeon
  3560 | D:5      | Found a staircase to the Ecumenical Temple.
  4447 | D:6      | Reached skill level 6 in Axes
  4567 | D:7      | Reached XP level 9. HP: 48/48 MP: 12/12
  4769 | D:7      | Found a burning altar of Makhleb.
  4882 | D:7      | Received a gift from Trog
  4971 | D:7      | Got a faintly humming helmet
  4977 | D:7      | Identified the +1 helmet of Roch {+Blink rPois rN+} (You found it on level 7 of the Dungeon)
  5599 | D:8      | Found Kisytu's Antique Armour Boutique.
  5602 | D:8      | Bought a pair of glowing gloves for 117 gold pieces
  5602 | D:8      | Bought a slimy robe for 148 gold pieces
  5613 | D:8      | Identified the +2 robe of the Castellan {+Fly Int+2 Stlth+ Curse} (You bought it in a shop on level 8 of the Dungeon)
  5732 | D:8      | Reached skill level 7 in Axes
  5741 | D:8      | Found a shadowy altar of Dithmenos.
  5779 | D:8      | Found a basalt altar of Yredelemnul.
  5846 | D:8      | Found a basalt altar of Yredelemnul.
  5997 | D:8      | Found a stormy altar of Qazlal.
  6123 | D:9      | Received a gift from Trog
  6178 | D:9      | Reached XP level 10. HP: 51/53 MP: 13/13
  6588 | D:9      | Found a snail-covered altar of Cheibriados.
  6644 | D:9      | Found a staircase to the Lair.
  6735 | D:9      | Found a staircase to the Orcish Mines.
  6763 | D:9      | Found a roughly hewn altar of Beogh.
  6844 | Orc:1    | Entered Level 1 of the Orcish Mines
  6901 | Orc:1    | Noticed Duvessa
  6902 | Orc:1    | Noticed Dowan
  6911 | Orc:1    | Killed Duvessa
  6912 | Orc:1    | Killed Dowan
  7000 | Orc:1    | Noticed Prince Ribbit
  7007 | Orc:1    | Reached skill level 8 in Axes
  7013 | Orc:1    | Killed Prince Ribbit
  7075 | Orc:2    | Received a gift from Trog
  7217 | Orc:2    | Noticed Josephine
  7237 | Orc:2    | Killed Josephine
  7554 | Orc:2    | Found a bloodstained altar of Trog.
  7592 | Orc:3    | Received a gift from Trog
  7620 | Orc:3    | You fall through a shaft!
  7620 | Orc:4    | Entered Level 4 of the Orcish Mines
  7632 | Orc:3    | Noticed an orc sorcerer
  7639 | Orc:3    | Killed an orc sorcerer
  7639 | Orc:3    | Reached skill level 9 in Axes
  7639 | Orc:3    | Reached XP level 11. HP: 57/59 MP: 5/15
  7683 | Orc:3    | Noticed an orc knight
  7694 | Orc:3    | Killed an orc knight
  7704 | Orc:3    | HP: 2/90 [warg (5)]
  7797 | Orc:3    | Found a staircase to the Elven Halls.
  8193 | Orc:4    | Received a gift from Trog
  8216 | Orc:4    | Found a burning altar of Makhleb.
  8259 | Orc:4    | Noticed a stone giant
  8376 | Orc:4    | Noticed an orc high priest
  8396 | Orc:4    | Killed an orc high priest
  8498 | Orc:4    | Noticed an ettin
  8504 | Orc:4    | Killed an ettin
  8504 | Orc:4    | Reached skill level 10 in Axes
  8687 | Orc:4    | HP: 2/90 [stone giant (29)]
  8688 | Orc:4    | Killed a stone giant
  8752 | Orc:4    | Noticed a stone giant
  8760 | Orc:4    | HP: 3/60 [stone giant (25)]
  8766 | Orc:4    | Killed a stone giant
  8907 | Orc:4    | Noticed an orc high priest
  8916 | Orc:4    | Received a gift from Trog
  8918 | Orc:4    | Killed an orc high priest
  8920 | Orc:4    | Noticed an orc high priest
  8921 | Orc:4    | Killed an orc high priest
  8921 | Orc:4    | Gained mutation: You regenerate. [vine stalker growth]
  8921 | Orc:4    | Reached XP level 12. HP: 59/65 MP: 5/16
  8926 | Orc:4    | Found Cedirof's Antique Armour Emporium.
  8926 | Orc:4    | Found Weuquinko's Magic Scroll Emporium.
  8926 | Orc:4    | Found Vijeshresm's Gadget Shoppe.
  8928 | Orc:4    | Noticed an orc sorcerer
  8930 | Orc:4    | Found Fiemmaoc's Weapon Shoppe.
  8930 | Orc:4    | Killed an orc sorcerer
  8942 | Orc:4    | Noticed an orc high priest
  8944 | Orc:4    | Killed an orc high priest
  8963 | Orc:4    | Reached skill level 11 in Axes
  9025 | Orc:4    | Bought 2 scrolls of identify for 52 gold pieces
  9025 | Orc:4    | Bought a scroll of identify for 26 gold pieces
  9025 | Orc:4    | Bought a scroll of silence for 97 gold pieces
  9027 | Orc:4    | Bought a plain deck of wonders for 224 gold pieces
  9030 | Orc:4    | Bought 3 scrolls of identify for 78 gold pieces
  9030 | Orc:4    | Bought a scroll of identify for 26 gold pieces
  9030 | Orc:4    | Bought a scroll of enchant weapon for 97 gold pieces
  9030 | Orc:4    | Bought a scroll of recharging for 123 gold pieces
  9398 | Lair:1   | Entered Level 1 of the Lair of Beasts
  9620 | Lair:1   | Noticed Harold
  9687 | Lair:1   | Noticed an eight-headed hydra
 10437 | Lair:3   | Reached skill level 1 in Evocations
 10778 | Lair:3   | Received a gift from Trog
 10788 | Lair:3   | Found a staircase to the Snake Pit.
 10960 | Lair:3   | Noticed a seven-headed hydra
 11219 | Lair:4   | Noticed a death yak
 11221 | Lair:4   | Noticed a death yak
 11233 | Lair:4   | Noticed Kashira's ghost (powerful VSBe)
 11274 | Lair:4   | Reached skill level 5 in Evocations
 11276 | Lair:4   | Killed a death yak
 11279 | Lair:4   | Killed Kashira's ghost
 11293 | Lair:4   | Got a steaming helmet
 11306 | Lair:4   | Identified the +2 helmet of Joy {Dex+2} (You found it on level 4 of the Lair of Beasts)
 11422 | Lair:4   | Received a gift from Trog
 11569 | Lair:4   | Reached XP level 13. HP: 70/70 MP: 26/26
 11759 | Lair:4   | Noticed a death yak
 11778 | Lair:4   | Noticed a death yak
 11779 | Lair:4   | Noticed a death yak
 11784 | Lair:4   | Killed a death yak
 11787 | Lair:4   | Noticed a death yak
 11793 | Lair:4   | Killed a death yak
 11793 | Lair:4   | Reached skill level 10 in Evocations
 11798 | Lair:4   | Killed a death yak
 11811 | Lair:4   | Killed a death yak
 11837 | Lair:4   | Killed a death yak
 12087 | Lair:5   | Received a gift from Trog
 12209 | Lair:5   | Reached skill level 10 in Dodging
 12586 | Lair:6   | Received a gift from Trog
 12587 | Lair:6   | Got an ebony broad axe {god gift}
 12588 | Lair:6   | Identified the +5 broad axe of Dullness {flame, Dex+2} (Trog gifted it to you on level 6 of the Lair of Beasts)
 12935 | Lair:6   | Found a staircase to the Slime Pits.
 12982 | Lair:6   | Reached skill level 12 in Axes
 13064 | Lair:6   | Found a staircase to the Swamp.
 13197 | Lair:7   | Found a viscous altar of Jiyva.
 13198 | Lair:7   | Found a staircase to the Slime Pits.
 13288 | Lair:7   | Identified a scroll of acquirement
 13329 | Lair:7   | Reached XP level 14. HP: 47/75 MP: 18/29
 13398 | Lair:7   | Received a gift from Trog
 13403 | Lair:7   | Got a crystal short sword {god gift}
 13412 | Lair:7   | Noticed Fannar
 13439 | Lair:7   | Killed Fannar
 13440 | Lair:7   | Identified the +7 short sword "Woamaezxo" {holy, rPois MR+ Dex-3} (Trog gifted it to you on level 7 of the Lair of Beasts)
 13730 | Lair:8   | Entered Level 8 of the Lair of Beasts
 13886 | Lair:8   | Reached skill level 13 in Axes
 13900 | Lair:8   | Reached skill level 10 in Fighting
 14141 | Lair:8   | Received a gift from Trog
 14276 | Lair:8   | Got a pitted ring mail
 14287 | Lair:8   | Identified the cursed -1 ring mail of Existentialism {Dex-2 Int-3} (You found it on level 8 of the Lair of Beasts)
 14325 | Lair:8   | Identified a +3 rod of the swarm (10/10) (You found it on level 8 of the Lair of Beasts)
 14392 | Lair:8   | Reached skill level 14 in Axes
 14791 | Swamp:1  | Entered Level 1 of the Swamp
 14924 | Swamp:1  | Reached XP level 15. HP: 61/81 MP: 30/30
 15730 | Swamp:2  | Noticed Saint Roka
 15789 | Swamp:2  | Killed Saint Roka
 15818 | Swamp:2  | Received a gift from Trog
 15892 | Swamp:3  | Reached skill level 15 in Axes
 16313 | Swamp:3  | Noticed Nikola
 16331 | Swamp:3  | Killed Nikola
 16350 | Swamp:3  | Noticed Aizul
 16380 | Swamp:3  | Killed Aizul
 16426 | Swamp:3  | Gained mutation: Your body is slowly deteriorating. [mutagenic meat]
 16427 | Swamp:3  | Gained mutation: You have a somewhat thin skeletal structure (Dex +2, Stealth). [mutagenic meat]
 16428 | Swamp:3  | Gained mutation: You can spit poison. [mutagenic meat]
 16469 | Swamp:3  | Reached skill level 5 in Armour
 16752 | Swamp:4  | Gained mutation: You have sharp toenails. [mutagenic meat]
 16753 | Swamp:4  | Gained mutation: You tend to lose your temper in combat. [mutagenic meat]
 16773 | Swamp:4  | Noticed a thorn hunter
 16783 | Swamp:4  | Killed a thorn hunter
 17076 | Swamp:5  | Entered Level 5 of the Swamp
 17154 | Swamp:5  | Received a gift from Trog
 17156 | Swamp:5  | Got a slimy battleaxe {god gift}
 17157 | Swamp:5  | Identified the +4 battleaxe of Qeomot {holy, rF+} (Trog gifted it to you on level 5 of the Swamp)
 17246 | Swamp:5  | Reached XP level 16. HP: 42/87 MP: 19/31
 17367 | Swamp:5  | Noticed an azure jelly
 17374 | Swamp:5  | Killed an azure jelly
 17419 | Swamp:5  | Got a decaying rune of Zot
 17776 | Snake:1  | Entered Level 1 of the Snake Pit
 18236 | Snake:1  | Reached skill level 16 in Axes
 18287 | Snake:1  | Lost mutation: You have sharp toenails. [potion of cure mutation]
 18287 | Snake:1  | Lost mutation: You can spit poison. [potion of cure mutation]
 18287 | Snake:1  | Lost mutation: You have a somewhat thin skeletal structure (Dex +2, Stealth). [potion of cure mutation]
 18287 | Snake:1  | Lost mutation: You tend to lose your temper in combat. [potion of cure mutation]
 18287 | Snake:1  | Lost mutation: Your body is slowly deteriorating. [potion of cure mutation]
 18682 | Snake:2  | Received a gift from Trog
 20257 | Snake:3  | Received a gift from Trog
 20527 | Snake:4  | Reached XP level 17. HP: 66/93 MP: 32/32
 20616 | Snake:4  | Reached skill level 17 in Axes
 20792 | Snake:4  | Noticed Donald
 20813 | Snake:4  | Killed Donald
 20870 | Snake:4  | Found Khok's Antique Weapon Shoppe.
 20874 | Snake:4  | Bought a runed battleaxe for 117 gold pieces
 21159 | Snake:5  | Entered Level 5 of the Snake Pit
 21302 | Snake:5  | Got a jewelled scimitar
 21303 | Snake:5  | Identified the +5 scimitar of the Lurker {slice, +Rage SInv} (You found it on level 5 of the Snake Pit)
 21325 | Snake:5  | Noticed Agnes
 21341 | Snake:5  | Killed Agnes
 21860 | Snake:5  | Received a gift from Trog
 21961 | Snake:5  | Noticed Kirke
 22083 | Snake:5  | Killed Kirke
 22166 | Snake:5  | Slain by a guardian serpent

Action                   |  1- 3 |  4- 6 |  7- 9 | 10-12 | 13-15 | 16-18 || total
-------------------------+-------+-------+-------+-------+-------+-------++-------
Melee: Hand axe          |   107 |   104 |   520 |       |       |    75 ||   806
       Battleaxe         |       |       |     4 |   141 |   198 |       ||   343
       Executioner's axe |       |       |       |   453 |    15 |   134 ||   602
       Broad axe         |       |       |       |       |   692 |   467 ||  1159
Throw: Throwing net      |       |       |       |     2 |       |       ||     2
Invok: Berserk           |       |     4 |     4 |     9 |     6 |    12 ||    35
       Trog's Hand       |       |       |     3 |     6 |     8 |     7 ||    24
       Brothers in Arms  |       |       |       |     4 |     4 |     3 ||    11
 Abil: Evoke Flight      |       |       |       |     1 |       |       ||     1
       Evoke Blink       |       |       |       |       |     1 |       ||     1
Evoke: Deck              |       |       |       |       |     2 |       ||     2
       Wand              |       |       |       |       |       |     3 ||     3
       Rod               |       |       |       |       |       |     2 ||     2
       Sack of spiders   |       |       |       |       |       |     1 ||     1
  Use: Scroll            |       |     3 |    11 |    13 |    18 |     6 ||    51
       Potion            |       |       |       |       |       |     4 ||     4
 Stab: Sleeping          |     2 |     2 |     6 |    12 |    13 |     1 ||    36
       Distracted        |     1 |       |     1 |       |     1 |       ||     3
  Eat: Chunk             |     1 |     7 |    17 |    27 |    27 |     7 ||    86
       Pizza             |       |       |     1 |       |       |       ||     1
       Fruit             |       |       |       |     2 |       |       ||     2
       Meat ration       |       |       |       |       |     1 |     4 ||     5
       Bread ration      |       |       |       |       |     1 |     1 ||     2
       Beef jerky        |       |       |       |       |       |     1 ||     1
